| TOP OF THE 1ST |
|
Boston Red Sox batting - Pitching for Cleveland Spiders : RHP Steve McCatty
|
|
Pitching: RHP Steve McCatty
|
|
|
Batting: RHB Richie Zisk
|
0-0: Ball 1-0: Ball 2-0: Ball 3-0: Called Strike 3-1: Base on Balls
|
|
Batting: LHB Willie Aikens
|
0-0: Foul Ball, location: 2F 0-1: Ball 1-1: Swinging Strike 1-2: Strikes out swinging
|
|
Batting: SHB Harry Chappas
|
0-0: Called Strike 0-1: Ball 1-1: Called Strike 1-2: Strikes out looking
|
|
Batting: LHB George Brett
|
0-0: Called Strike 0-1: Foul Ball, location: 2F 0-2: Ball 1-2: Fly out, F7 (Line Drive, 7, EV 108.1 MPH)
|
| Top of the 1st over - 0 runs, 0 hits, 0 errors, 1 left on base; Boston 0 - Cleveland 0 |
| BOTTOM OF THE 1ST |
|
Cleveland Spiders batting - Pitching for Boston Red Sox : RHP Dick Ruthven
|
|
Pitching: RHP Dick Ruthven
|
|
|
Batting: SHB Bump Wills
|
0-0: Swinging Strike 0-1: Ball 1-1: SINGLE (Flyball, 9LS, EV 96.9 MPH)
|
|
Batting: RHB Tom Brunansky
|
0-0: Ball 1-0: Fly out, F4 (Flyball, 4D, EV 76.3 MPH)
|
|
Batting: RHB Gary Gaetti
|
0-0: Ball 1-0: Ball 2-0: Ball 3-0: Called Strike 3-1: Called Strike 3-2: Foul Ball, location: 2F 3-2: SINGLE (Flyball, 78S, EV 90.0 MPH) Bump Wills to second Bump Wills to third
|
|
Batting: SHB Salvador Perez
|
0-0: Ball 1-0: Ball 2-0: Called Strike 2-1: SINGLE (Groundball, 4S, EV 76.3 MPH) (infield hit) Bump Wills scores Gary Gaetti to second
|
|
Batting: RHB Clayton Elliott
|
0-0: Called Strike 0-1: Fly out, F6 (Popup, 6M, EV 64.4 MPH)
|
|
Batting: RHB Cressy Pratt
|
0-0: Foul Ball, location: 2F 0-1: Foul Ball, location: 2F 0-2: Ball 1-2: DOUBLE (Groundball, 5L, EV 100.0 MPH) Gary Gaetti scores Salvador Perez to third Runner from 3rd tries for Home, SAFE, no throw by LF
|
|
Batting: RHB Alan Trammell
|
0-0: Ground out U3 (Groundball, 3, EV 86.9 MPH)
|
| Bottom of the 1st over - 3 runs, 4 hits, 0 errors, 1 left on base; Boston 0 - Cleveland 3 |
| TOP OF THE 2ND |
|
Boston Red Sox batting - Pitching for Cleveland Spiders : RHP Steve McCatty
|
|
Batting: RHB Jeff Burroughs
|
0-0: SINGLE (Groundball, 4D, EV 103.8 MPH)
|
|
Batting: LHB Claudell Washington
|
0-0: Fly out, F8 (Flyball, 8RS, EV 73.8 MPH)
|
|
Batting: LHB Karl Pagel
|
0-0: Ball 1-0: Called Strike 1-1: Ball 2-1: Called Strike 2-2: Strikes out swinging
|
|
Batting: SHB Scotti Madison
|
0-0: Ball 1-0: Ball 2-0: Foul Ball, location: 2F 2-1: Ball 3-1: Base on Balls Jeff Burroughs to second
|
|
Batting: SHB Nelson Norman
|
0-0: Called Strike 0-1: Ball 1-1: Foul Ball, location: 2F 1-2: Ball 2-2: Foul Ball, location: 2F 2-2: Ball 3-2: Base on Balls Jeff Burroughs to third Scotti Madison to second
|
|
Batting: RHB Richie Zisk
|
0-0: Ground out 4-3 (Groundball, 4, EV 84.4 MPH)
|
| Top of the 2nd over - 0 runs, 1 hit, 0 errors, 3 left on base; Boston 0 - Cleveland 3 |
| BOTTOM OF THE 2ND |
|
Cleveland Spiders batting - Pitching for Boston Red Sox : RHP Dick Ruthven
|
|
Batting: RHB Gene Tenace
|
0-0: Ball 1-0: Called Strike 1-1: Called Strike 1-2: Ball 2-2: Ball 3-2: Fly out, F3 (Popup, 3SF, EV 73.1 MPH)
|
|
Batting: RHB Kevin Bell
|
0-0: Ball 1-0: Fly out, F9 (Flyball, 9, EV 89.4 MPH)
|
|
Batting: SHB Bump Wills
|
0-0: Called Strike 0-1: Foul Ball, location: 2F 0-2: Foul Ball, location: 2F 0-2: Foul Ball, location: 2F 0-2: Ground out 3-1 (Groundball, 34S, EV 75.6 MPH)
|
| Bottom of the 2nd over - 0 runs, 0 hits, 0 errors, 0 left on base; Boston 0 - Cleveland 3 |
| TOP OF THE 3RD |
|
Boston Red Sox batting - Pitching for Cleveland Spiders : RHP Steve McCatty
|
|
Batting: LHB Willie Aikens
|
0-0: Ball 1-0: Ball 2-0: Fly out, F5 (Popup, 5SF, EV 74.4 MPH)
|
|
Batting: SHB Harry Chappas
|
0-0: Swinging Strike 0-1: Ball 1-1: Fly out, F6 (Popup, 15, EV 80.0 MPH)
|
|
Batting: LHB George Brett
|
0-0: Ball 1-0: Fly out, F8 (Flyball, 8RD, EV 105.6 MPH)
|
| Top of the 3rd over - 0 runs, 0 hits, 0 errors, 0 left on base; Boston 0 - Cleveland 3 |
| BOTTOM OF THE 3RD |
|
Cleveland Spiders batting - Pitching for Boston Red Sox : RHP Dick Ruthven
|
|
Batting: RHB Tom Brunansky
|
0-0: Foul Ball, location: 2F 0-1: Ball 1-1: Called Strike 1-2: Ball 2-2: Ball 3-2: Fly out, F7 (Flyball, 7, EV 81.9 MPH)
|
|
Batting: RHB Gary Gaetti
|
0-0: Fly out, F8 (Flyball, 8RS, EV 91.9 MPH)
|
|
Batting: SHB Salvador Perez
|
0-0: Called Strike 0-1: Ball 1-1: Foul Ball, location: 2F 1-2: Ball 2-2: Fly out, F9 (Flyball, 9S, EV 88.8 MPH)
|
| Bottom of the 3rd over - 0 runs, 0 hits, 0 errors, 0 left on base; Boston 0 - Cleveland 3 |
| TOP OF THE 4TH |
|
Boston Red Sox batting - Pitching for Cleveland Spiders : RHP Steve McCatty
|
|
Batting: RHB Jeff Burroughs
|
0-0: Swinging Strike 0-1: Called Strike 0-2: Ground out 4-3 (Groundball, 4M, EV 83.1 MPH)
|
|
Batting: LHB Claudell Washington
|
0-0: Ball 1-0: Called Strike 1-1: Foul Ball, location: 2F 1-2: Ball 2-2: Strikes out looking
|
|
Batting: LHB Karl Pagel
|
0-0: Ball 1-0: Swinging Strike 1-1: Ball 2-1: Ground out 4-3 (Groundball, 4, EV 97.5 MPH)
|
| Top of the 4th over - 0 runs, 0 hits, 0 errors, 0 left on base; Boston 0 - Cleveland 3 |
| BOTTOM OF THE 4TH |
|
Cleveland Spiders batting - Pitching for Boston Red Sox : RHP Dick Ruthven
|
|
Batting: RHB Clayton Elliott
|
0-0: Ground out 4-3 (Groundball, 34, EV 98.8 MPH)
|
|
Batting: RHB Cressy Pratt
|
0-0: Foul Ball, location: 2F 0-1: Foul Ball, location: 2F 0-2: Ground out 2-3 (Groundball, 2L, EV 75.0 MPH)
|
|
Batting: RHB Alan Trammell
|
0-0: Ball 1-0: Ball 2-0: Foul Ball, location: 2F 2-1: Fly out, F5 (Popup, 5F, EV 63.1 MPH)
|
| Bottom of the 4th over - 0 runs, 0 hits, 0 errors, 0 left on base; Boston 0 - Cleveland 3 |
| TOP OF THE 5TH |
|
Boston Red Sox batting - Pitching for Cleveland Spiders : RHP Steve McCatty
|
|
Batting: SHB Scotti Madison
|
0-0: Ball 1-0: Called Strike 1-1: Foul Ball, location: 2F 1-2: Strikes out swinging
|
|
Batting: SHB Nelson Norman
|
0-0: Called Strike 0-1: Ball 1-1: Called Strike 1-2: Foul Ball, location: 2F 1-2: Ball 2-2: Foul Ball, location: 2F 2-2: Foul Ball, location: 2F 2-2: Foul Ball, location: 2F 2-2: Ground out 4-3 (Groundball, 4, EV 77.5 MPH)
|
|
Batting: RHB Richie Zisk
|
0-0: Ball 1-0: Called Strike 1-1: Foul Ball, location: 2F 1-2: Ball 2-2: Foul Ball, location: 2F 2-2: Foul Ball, location: 2F 2-2: Foul Ball, location: 2F 2-2: Ball 3-2: Foul Ball, location: 2F 3-2: Foul Ball, location: 2F 3-2: Ground out 6-3 (Groundball, 4MS, EV 80.0 MPH)
|
| Top of the 5th over - 0 runs, 0 hits, 0 errors, 0 left on base; Boston 0 - Cleveland 3 |
| BOTTOM OF THE 5TH |
|
Cleveland Spiders batting - Pitching for Boston Red Sox : RHP Dick Ruthven
|
|
Batting: RHB Gene Tenace
|
0-0: Foul Ball, location: 2F 0-1: Swinging Strike 0-2: Ball 1-2: Foul Ball, location: 2F 1-2: Ground out 6-3 (Groundball, 6M, EV 102.5 MPH)
|
|
Batting: RHB Kevin Bell
|
0-0: Foul Ball, location: 2F 0-1: Fly out, F6 (Flyball, 56D, EV 87.5 MPH)
|
|
Batting: SHB Bump Wills
|
0-0: Called Strike 0-1: Ball 1-1: Ball 2-1: Called Strike 2-2: Fly out, F5 (Popup, 56S, EV 81.3 MPH)
|
| Bottom of the 5th over - 0 runs, 0 hits, 0 errors, 0 left on base; Boston 0 - Cleveland 3 |
| TOP OF THE 6TH |
|
Boston Red Sox batting - Pitching for Cleveland Spiders : RHP Steve McCatty
|
|
Batting: LHB Willie Aikens
|
0-0: Ball 1-0: Ball 2-0: Foul Ball, location: 2F 2-1: Ground out 4-3 (Groundball, 4, EV 83.1 MPH)
|
|
Batting: SHB Harry Chappas
|
0-0: Foul Ball, location: 2F 0-1: Foul Ball, location: 2F 0-2: Strikes out swinging
|
|
Batting: LHB George Brett
|
0-0: Ball 1-0: Called Strike 1-1: SINGLE (Groundball, 3S, EV 68.1 MPH) (infield hit)
|
|
Batting: RHB Jeff Burroughs
|
0-0: Called Strike 0-1: Ball 1-1: Ball 2-1: Foul Ball, location: 2F 2-2: Ball 3-2: Ground out U3 (Groundball, 34, EV 85.0 MPH)
|
| Top of the 6th over - 0 runs, 1 hit, 0 errors, 1 left on base; Boston 0 - Cleveland 3 |
| BOTTOM OF THE 6TH |
|
Cleveland Spiders batting - Pitching for Boston Red Sox : RHP Dick Ruthven
|
|
Batting: RHB Tom Brunansky
|
0-0: Foul Ball, location: 2F 0-1: Called Strike 0-2: Foul Ball, location: 2F 0-2: Ball 1-2: Ground out 4-3 (Groundball, 4, EV 83.1 MPH)
|
|
Batting: RHB Gary Gaetti
|
0-0: SINGLE (Line Drive, 8RS, EV 112.5 MPH)
|
|
Batting: SHB Salvador Perez
|
0-0: Called Strike 0-1: Called Strike 0-2: Foul Ball, location: 2F 0-2: Fly out, F9 (Flyball, 9LS, EV 90.6 MPH)
|
|
Batting: RHB Clayton Elliott
|
0-0: Ball 1-0: Called Strike 1-1: Foul Ball, location: 2F 1-2: Foul Ball, location: 2F 1-2: Ball Gary Gaetti steals 2nd base (no throw) 2-2: Ground out 3-1 (Groundball, 34, EV 93.1 MPH)
|
| Bottom of the 6th over - 0 runs, 1 hit, 0 errors, 1 left on base; Boston 0 - Cleveland 3 |
| TOP OF THE 7TH |
|
Boston Red Sox batting - Pitching for Cleveland Spiders : RHP Steve McCatty
|
|
Batting: LHB Claudell Washington
|
0-0: Swinging Strike 0-1: Swinging Strike 0-2: Ball 1-2: Ball 2-2: Ground out U3 (Groundball, 3, EV 80.6 MPH)
|
|
Batting: LHB Karl Pagel
|
0-0: Called Strike 0-1: Swinging Strike 0-2: Strikes out swinging
|
|
Batting: SHB Scotti Madison
|
0-0: Fly out, F7 (Line Drive, 7, EV 96.9 MPH)
|
| Top of the 7th over - 0 runs, 0 hits, 0 errors, 0 left on base; Boston 0 - Cleveland 3 |
| BOTTOM OF THE 7TH |
|
Cleveland Spiders batting - Pitching for Boston Red Sox : RHP Dick Ruthven
|
|
Batting: RHB Cressy Pratt
|
0-0: Ground out 4-3 (Groundball, 4S, EV 92.5 MPH)
|
|
Batting: RHB Alan Trammell
|
0-0: Called Strike 0-1: Ball 1-1: Swinging Strike 1-2: Foul Ball, location: 2F 1-2: Fly out, F9 (Flyball, 9S, EV 88.8 MPH)
|
|
Batting: RHB Gene Tenace
|
0-0: Ball 1-0: Ball 2-0: Swinging Strike 2-1: Foul Ball, location: 2F 2-2: Ground out 6-3 (Groundball, 6MD, EV 103.8 MPH)
|
| Bottom of the 7th over - 0 runs, 0 hits, 0 errors, 0 left on base; Boston 0 - Cleveland 3 |
| TOP OF THE 8TH |
|
Boston Red Sox batting - Pitching for Cleveland Spiders : RHP Steve McCatty
|
|
Batting: SHB Nelson Norman
|
0-0: Ball 1-0: SINGLE (Groundball, 56D, EV 96.9 MPH)
|
|
Batting: RHB Richie Zisk
|
0-0: Called Strike 0-1: Fly out, F9 (Flyball, 9S, EV 83.8 MPH)
|
|
Batting: LHB Willie Aikens
|
0-0: Called Strike 0-1: Called Strike 0-2: Strikes out swinging
|
|
Batting: SHB Harry Chappas
|
0-0: Ball 1-0: Called Strike 1-1: Ball 2-1: Ball 3-1: Called Strike 3-2: Foul Ball, location: 2F 3-2: Fly out, F8 (Line Drive, 8LM, EV 93.8 MPH)
|
| Top of the 8th over - 0 runs, 1 hit, 0 errors, 1 left on base; Boston 0 - Cleveland 3 |
| BOTTOM OF THE 8TH |
|
Cleveland Spiders batting - Pitching for Boston Red Sox : RHP Dick Ruthven
|
|
Pitching: RHP Don Sutton
|
|
|
Batting: RHB Kevin Bell
|
0-0: Called Strike 0-1: Ball 1-1: Swinging Strike 1-2: Ball 2-2: Foul Ball, location: 2F 2-2: Fly out, F5 (Popup, 5SF, EV 78.8 MPH)
|
|
Batting: SHB Bump Wills
|
0-0: SINGLE (Groundball, 4MD, EV 107.5 MPH)
|
|
Batting: RHB Tom Brunansky
|
0-0: Foul Ball, location: 2F 0-1: Ball 1-1: Fly out, F9 (Flyball, 89S, EV 83.1 MPH)
|
|
Batting: RHB Gary Gaetti
|
0-0: Ball Bump Wills steals 2nd base (no throw) 1-0: Fly out, F8 (Flyball, 8LD, EV 82.5 MPH)
|
| Bottom of the 8th over - 0 runs, 1 hit, 0 errors, 1 left on base; Boston 0 - Cleveland 3 |
| TOP OF THE 9TH |
|
Boston Red Sox batting - Pitching for Cleveland Spiders : RHP Steve McCatty
|
|
Batting: LHB George Brett
|
0-0: Ground out 4-3 (Groundball, 34D, EV 101.3 MPH)
|
|
Batting: RHB Jeff Burroughs
|
0-0: Ball 1-0: Called Strike 1-1: Fly out, F9 (Flyball, 9S, EV 87.5 MPH)
|
|
Batting: LHB Claudell Washington
|
0-0: Ball 1-0: Ball 2-0: Foul Ball, location: 2F 2-1: Ball 3-1: Fly out, F7 (Line Drive, 7, EV 93.8 MPH)
|
| Top of the 9th over - 0 runs, 0 hits, 0 errors, 0 left on base; Boston 0 - Cleveland 3 |
|